Cogmind - Beta 16.1 @@@ ROGUE MODE // 2026.02.25 @ 01:30:38 Player: TheSkyeDoctor Result: Destroyed by S-10 Pest with Light Assault Rifle Performance ------------- Evolutions (1) 500 Regions Visited (2) 400 Robots Destroyed (18) 90 Value Destroyed (345) 345 Prototype IDs (0) 0 Alien Tech Used (0) 0 Bonus (0) 0 TOTAL SCORE: 1335 Bonus ------- None Cogmind --------- Core Integrity 0/400 Matter 290/300 Energy 89/100 System Corruption 14% Temperature Cool (0) Movement Rolling (90) Location -9/Materials Parts ------- > --- POWER (1) -------- (None) > --- PROPULSION (2) --- Armored Wheel Armored Wheel > --- UTILITY (3) ------ Large Storage Unit > --- WEAPON (3) ------- (None) > --- INVENTORY (15) --- High-capacity Matter Pod (200) Seismic Detector Rocket Launcher Peak State ------------ > --- POWER ------------ Light Ion Engine > --- PROPULSION ------- Light Treads Armored Wheel > --- UTILITY ---------- Improved Heat Sink Large Storage Unit Seismic Detector > --- WEAPON ----------- EM Pulse Gun Light Assault Rifle Hammer > --- INVENTORY -------- Ion Engine Wheel Wheel Armored Wheel Armored Wheel Armored Wheel High-capacity Matter Pod Seismic Detector Rocket Launcher [Rating: 13] Favorites ----------- Power Light Ion Engine Engine Light Ion Engine Propulsion Light Treads Treads Light Treads Wheel Armored Wheel Utility Large Storage Unit Device Seismic Detector Storage Large Storage Unit Weapon Light Assault Rifle Energy Gun EM Pulse Gun Ballistic Gun Light Assault Rifle Impact Weapon Hammer Build | -11 -10 -9 ------- Run | Yrd Mat Mat Slots Evolved 2 | . . 2 Power . | . . . Propulsion . | . . . Utility 1 | . . 1 Weapon 1 | . . 1 Parts Attached 18 | 7 3 8 Power 2 | 1 . 1 Engine 2 | 1 . 1 Core . | . . . Reactor . | . . . Propulsion 7 | 2 1 4 Treads 1 | 1 . . Leg . | . . . Wheel 6 | 1 1 4 Hover . | . . . Flight . | . . . Utility 6 | 2 2 2 Device 4 | 1 1 2 Storage 2 | 1 1 . Processor . | . . . Hackware . | . . . Protection . | . . . Artifact . | . . . Weapon 3 | 2 . 1 Energy Gun 1 | 1 . . Energy Cannon . | . . . Ballistic Gun 1 | 1 . . Ballistic Cannon . | . . . Launcher . | . . . Special Weapon . | . . . Impact Weapon 1 | . . 1 Slashing Weapon . | . . . Piercing Weapon . | . . . Special Melee Weapon . | . . . Unidentified Prototypes . | . . . Parts Lost 12 | . . 12 Power 2 | . . 2 Propulsion 4 | . . 4 Utility 3 | . . 3 Weapon 3 | . . 3 Highest Loss Streak 8 | . . 8 To Critical Strikes 1 | . . 1 Average Backups 7 | 1 6 8 Power . | . 1 . Propulsion 3 | . 2 4 Utility 2 | . 2 2 Weapon . | . . 1 Tool/Special . | . . . Unused Backups 2 | . . 2 Power . | . . . Propulsion . | . . . Utility 1 | . . 1 Weapon 1 | . . 1 Tool/Special . | . . . Average Slot Usage (%) 91 | . 100 84 Engine 10 | . 14 8 Treads 10 | . 14 8 Wheel 12 | . 14 11 Device 16 | . 14 17 Storage 12 | . 14 11 Energy Gun 10 | . 14 8 Ballistic Gun 10 | . 14 8 Impact Weapon 5 | . . 10 Peak Build Rating 13 | 7 9 13 Average Rating 8 | 5 8 10 On Entrance 5 | . 7 9 Avg Prop Armor Cover (%) 12 | 15 12 10 Naked Turns . | . . . Heaviest Build 31 | 12 27 31 Greatest Support 24 | 10 12 24 Greatest Overweight (x) 6 | 1 2 6 Average Overweight (x) 1 | . 1 1 Largest Inventory Capacity 15 | 8 15 15 Average Capacity 13 | 7 14 15 Most Carried 11 | 3 11 11 Average Carried 7 | 1 7 8 Final Capacity 15 | 8 15 15 Final Carried 11 | 2 11 3 Class Distribution -------------------- 100% | Mutant Dominant Class ---------------- Mutant | -10/Materials Mutant | -9/Materials Resources | -11 -10 -9 ----------- Run | Yrd Mat Mat Matter Collected 573 | 274 186 113 Remotely . | . . . Salvage Created 500 | 56 134 310 Parts 45 | 5 11 29 Haulers Intercepted . | . . . Recyclers Shooed 1 | 1 . . Parts Field Recycled . | . . . Retrieved Matter . | . . . Parts Self-Destructed . | . . . Prevented . | . . . Parts Restored . | . . . Kills | -11 -10 -9 ------- Run | Yrd Mat Mat Combat Hostiles Destroyed 11 | . 3 8 Melee 2 | . . 2 Guns 5 | . 1 4 AOE 4 | . 2 2 Classes Destroyed 6 | 1 1 4 Worker 1 | . . 1 Builder 2 | . . 2 Tunneler 3 | 2 . 1 Watcher 1 | . . 1 Swarmer 5 | . . 5 Grunt 6 | . 3 3 Best Kill Streak 9 | 2 2 9 Combat Bots Only 4 | . 2 4 Max Kills in Single Turn 2 | 1 2 2 Gunslinging 1 | . . 1 Exploded 2 | . 2 1 Melee 1 | . . 1 Uniques/NPCs Destroyed . | . . . Combat | -11 -10 -9 -------- Run | Yrd Mat Mat Hostile Shots Fired 178 | . 11 167 Missed 45 | . 6 39 Hits 133 | . 5 128 Melee 8 | . . 8 Projectile 125 | . 5 120 Critical Strikes 2 | . . 2 Damage Taken 1283 | . 61 1222 Core 426 | . 26 400 Absorbed by Shields . | . . . Core Remaining (%) 94 | 100 89 . Volleys Fired 26 | 4 6 16 Largest 2 | 2 2 2 Hottest 60 | 60 60 60 Shots Fired 52 | 8 12 32 Gun 52 | 8 12 32 Cannon . | . . . Launcher . | . . . Special . | . . . Kinetic 26 | 4 6 16 Thermal . | . . . Explosive . | . . . Electromagnetic 26 | 4 6 16 Robot Hit Streak 6 | 2 4 6 Robot Miss Streak 4 | 2 3 4 Penetration Max . | . . . Secondary Targets 1 | . . 1 Max Gunslinging Chain 1 | . . 1 Shots Hit Robots 32 | 4 6 22 Core Hits 24 | 4 5 15 Critical Kills . | . . . Critical Parts Destroyed . | . . . Critical Strikes . | . . . Melee Attacks 11 | . . 11 Impact 11 | . . 11 Slashing . | . . . Piercing . | . . . Sneak Attacks 1 | . . 1 Combat Hostiles . | . . . Follow-up Attacks . | . . . Damage Inflicted 758 | 59 185 514 Guns 325 | 59 68 198 Cannons . | . . . Explosions 280 | . 117 163 Melee 138 | . . 138 Ramming 15 | . . 15 Kinetic 108 | 29 14 65 Thermal 280 | . 117 163 Explosive . | . . . Electromagnetic 217 | 30 54 133 Impact 138 | . . 138 Slashing . | . . . Piercing . | . . . Highest Corruption 14 | . . 14 Average Corruption 12 | . . 12 Corruption Purged . | . . . Corruption Blocked . | . . . Effects 6 | . . 6 Message Errors 1 | . . 1 Energy Discharges 1 | . . 1 Data Loss (minor) 1 | . . 1 Alerts 1 | . . 1 Misdirections 2 | . . 2 Overload Shots . | . . . Overflow Damage 30 | . . 30 Projectiles . | . . . Explosions . | . . . Melee 30 | . . 30 Knockbacks 1 | . . 1 Impact 1 | . . 1 Kinetic . | . . . Secondary . | . . . Self-Inflicted Damage 6 | . . 6 Shots . | . . . Rammed 5 | . . 5 Targets Rammed 5 | . . 5 Kicked . | . . . Crushed . | . . . Highest Temperature 38 | 20 38 . Average Temperature 16 | 15 17 . Received Heat Transfer 183 | . 36 147 Siege Activations . | . . . Martial Activations . | . . . Shielding Activations . | . . . Robots Disrupted . | . . . Combat Hostiles . | . . . Robots Corrupted 1 | . . 1 Combat Hostiles . | . . . Parts Fried 5 | . . 5 Impact Corruptions 3 | . . 3 Robots Melted . | . . . Combat Hostiles . | . . . Parts Melted . | . . . Heat Transferred 300 | . 100 200 Parts Sabotaged . | . . . Parts Stolen . | . . . Parts Stripped . | . . . Power Chain Reactions 4 | . 1 3 Alert | -11 -10 -9 ------- Run | Yrd Mat Mat Maximum Alert Level . | . . . Low Security (%) 100 | 100 100 100 Level 1 . | . . . Level 2 . | . . . Level 3 . | . . . Level 4 . | . . . Level 5 . | . . . High Security . | . . . Max Security . | . . . Peak Influence 175 | 10 57 175 Initial . | . . . Average 43 | . 24 68 Influence Increases 455 | 10 92 353 Destroy 0b10 Robot/C 220 | . 60 160 Destroy 0b10 Robot/NC 35 | 10 . 25 Destroy Leader 32 | . 10 22 Disable Machine 45 | . . 45 Destroy Structure 18 | . 7 11 Lose Combat Pursuer 105 | . 15 90 Influence Decreases 335 | 10 90 235 Entered New Map 2 | . . 2 Time Decay 213 | 10 90 113 Lost Part 120 | . . 120 Squads Dispatched . | . . . Investigation . | . . . Extermination . | . . . Reinforcement . | . . . Assault . | . . . Garrison . | . . . Intercept . | . . . Searches Triggered . | . . . Construction Impeded . | . . . Haulers Reinforced . | . . . Active Scanning Responses . | . . . Cargo Convoy Interrupts . | . . . Stealth | -11 -10 -9 --------- Run | Yrd Mat Mat Distress Signals 3 | . . 3 Communications Jammed . | . . . Distress Signals . | . . . Times Spotted 28 | . 5 23 Peak Tracking Total 11 | . 2 11 Tactical Retreats 5 | . 1 4 Traps | -11 -10 -9 ------- Run | Yrd Mat Mat Traps Triggered 1 | . . 1 Indirectly . | . . . Trap Hack Attempts . | . . . Triggered . | . . . Disarmed . | . . . Reprogrammed . | . . . Reused . | . . . Traps Extracted . | . . . Installed . | . . . Triggered . | . . . Machines | -11 -10 -9 ---------- Run | Yrd Mat Mat Machines Disabled 3 | . . 3 Max in Single Turn 1 | . . 1 Machines Repaired . | . . . Machines Dismantled . | . . . Machines Sabotaged . | . . . Overloaded Fab Kills . | . . . Hacking | -11 -10 -9 --------- Run | Yrd Mat Mat Machines Accessed . | . . . Terminals . | . . . Fabricators . | . . . Repair Stations . | . . . Recycling Units . | . . . Scanalyzers . | . . . Garrison Access . | . . . Total Hacks . | . . . Successful . | . . . Failed . | . . . Catastrophic . | . . . Database Lockouts . | . . . Manual . | . . . Terminals . | . . . Fabricators . | . . . Repair Stations . | . . . Recycling Units . | . . . Scanalyzers . | . . . Garrison Access . | . . . Terminal Hacks . | . . . Fabricator Hacks . | . . . Repair Station Hacks . | . . . Recycling Unit Hacks . | . . . Scanalyzer . | . . . Garrison Access Hacks . | . . . Unauthorized Hacks . | . . . Terminals . | . . . Fabricators . | . . . Repair Stations . | . . . Recycling Units . | . . . Scanalyzers . | . . . Garrison Access . | . . . Data Cores Recovered . | . . . Used . | . . . Hacking Detections . | . . . Full Trace Events . | . . . Feedback Events . | . . . Feedback Blocked . | . . . Robot Schematics Acquired . | . . . Robots Built . | . . . Authchips . | . . . Time . | . . . Total Robot Build Rating . | . . . Part Schematics Acquired . | . . . Parts Built . | . . . Authchips . | . . . Time . | . . . Total Part Build Rating . | . . . Part Studies Acquired . | . . . Parts Repaired . | . . . Time . | . . . Parts Recycled . | . . . Recycled Matter . | . . . Retrieved Matter . | . . . Retrieved Components . | . . . Parts Scanalyzed . | . . . Part Schematics Acquired . | . . . Parts Damaged . | . . . Bothacking | -11 -10 -9 ------------ Run | Yrd Mat Mat Used RIF Installer . | . . . Robots Hacked . | . . . Non-combat . | . . . Combat . | . . . Robot Hacks Applied . | . . . Relay Couplers Released . | . . . Fabnet Peak Effective % . | . . . Robots Rewired . | . . . Allies Hacked . | . . . Hacks Repelled . | . . . Allies | -11 -10 -9 -------- Run | Yrd Mat Mat Total Allies . | . . . Largest Group . | . . . Highest-Rated Group . | . . . Highest-Rated Ally . | . . . Total Orders . | . . . Ally Attacks . | . . . Total Damage . | . . . Kills . | . . . Allies Corrupted . | . . . Allies Melted . | . . . Intel | -11 -10 -9 ------- Run | Yrd Mat Mat Active Infowar (turns) 516 | 20 234 262 Seismic 516 | 20 234 262 Robot Analysis Total . | . . . Derelict Logs Recovered . | . . . Drone Launches . | . . . Drone Recoveries . | . . . Exploration | -11 -10 -9 ------------- Run | Yrd Mat Mat Turns Passed 655 | 88 234 333 Spaces Moved 455 | 71 180 204 Core 2 | 1 . 1 Treads 1 | . . 1 Legs . | . . . Wheels 452 | 70 180 202 Hover . | . . . Flight . | . . . Fastest Speed 50 | 50 95 85 Average Speed 110 | 90 114 113 Slowest Speed 350 | 95 120 350 Overloaded Moves . | . . . Propulsion Burnouts . | . . . Robots Hopped . | . . . Potential Cave-ins . | . . . Cave-ins Triggered . | . . . Exploration Rate (%) 20 | 4 28 29 Regions Visited 2 Branch Regions . Pre-discovered Areas . | . . . Known Exits Taken . | . . . Unknown Exits Taken 2 | 1 1 . Scrap Searched . | . . . Spaces Dug 3 | . . 3 Terrain Destroyed 16 | . 6 10 Melee 3 | . . 3 Projectile . | . . . AOE 13 | . 6 7 Terrain Rammed . | . . . Walls Destroyed . | . . . Machines Disabled . | . . . Actions | -11 -10 -9 --------- Run | Yrd Mat Mat Total 536 | 84 196 256 Wait 10 | . . 10 Move 453 | 70 179 204 Hop . | . . . Pick Up 10 | 3 7 . Fast Attach 6 | 6 . . Attach 10 | 1 . 9 Detach . | . . . Swap 4 | . 3 1 Drop 1 | . 1 . Fire 26 | 4 6 16 Melee 11 | . . 11 Ram 5 | . . 5 Kick . | . . . Crush . | . . . Escape Stasis . | . . . Rewire . | . . . Trap . | . . . Miscellaneous . | . . . Route ------- -11/Scrapyard -10/Materials -9/Materials History --------- Turn | Location | Event 18 | -11/Scrapyard | Discovered new exit (range 16) 89 | -11/Scrapyard | Entered Materials 311 | -10/Materials | Discovered new exit (range 9) 318 | -10/Materials | Build established: Mutant 323 | -10/Materials | Entered another Materials area 323 | -9/Materials | Evolved 2 slots: Utility x1, Weapon x1 587 | -9/Materials | System corruption reached 10% 603 | -9/Materials | Core integrity fell below 50% 628 | -9/Materials | Lost 8 parts (2p2n2u2w) 633 | -9/Materials | Core integrity fell below 20% 656 | -9/Materials | Destroyed by S-10 Pest with Light Assault Rifle Last Messages --------------- K-01 Serf collects debris. W-16 Scout sends out distress signal. K-01 Serf collects debris. U-05 Engineer works on Material Compactor. R-06 Scavenger inserts Sml. Matter Pod into recycling unit. R-06 Scavenger inserts Corrupted Ion Engine into recycling unit. R-06 Scavenger inserts Aluminum Leg into recycling unit. S-10 Pest destroyed. System corrupted: IFF burst signal emitted. Wheel destroyed. Hammer destroyed. Arm. Wheel destroyed. System corrupted: Component data lost. Imp. Heat Sink destroyed. Slammed into S-10 Pest. S-10 Pest destroyed. Slammed into S-10 Pest. Map ----- +----------------------------------------------------+ | | | | | | | | | | | | | | | | | | | | | | | | | | | ?????????????????????????????###############?????? | | ?????????????????????????????? #?????? | | ?????????????????????????????# #?????? | | ?????????????????????????????# " """"" ! #?????# | | ?????????????????????????????# """"""""" ######" | | ?????????????????????????????# """ """ + | | ?????????????????????????????# # | | ?????????????????????????????#######+####### | | ????????????????######?##+##??????# / + | | ??????????????? "" # ######## # # | | ???????????????? ""S #a # + # # | | ????????????????????" + # # # # | | ???????????????????????# @ #""" # # # | | ???????????????????????# #""" # # # | | ???????????????????????# #"""* # # / [ | | ???????????????????????# s#"""% # # ####### | | ???????????????????????# s + = # ######?????? | | ???????????????????????# ######## ############ | | ???????????????????????# ?????? | | ???????????????????????# ?????? | | ???????????????????????# ????? | | ???????????????????????# ????? | | ???????????????????????#######???# """ | | ?????????????????????????????????# "" """" | | ?????????????????????????????????# " """ """" | | ?????????????????????????????????# """" """" | | ?????????????????????????????????# """ """ | | ?????????????????????????????????# | | ?????????????????????????????????# % | | ??????????????????????????????? %% | | ??????????????????????????????????## ########%#### | | ????????????????????????????????????????????#!#??? | | ????????????????????????????????????????????# #??? | | ????????????????????????????????????????????# #??? | | ????????????????????????????????????????????# #??? | | ????????????????????????????????????????????# #??? | | ????????????????????????????????????????????# #??? | +----------------------------------------------------+ Best States ------------- Heat Dissipation 50 Energy Generation 10 Energy Capacity 250 Matter Stores 300 Matter Capacity 300 Sight Range 16 Terrain Scan Density 10 Evasion (%) 44 Recoil Reduction 1 Item Schematics ----------------- None Robot Schematics ------------------ None Fabricated ------------ Nothing Repaired ---------- Nothing Studied --------- None Alien Tech Used ----------------- None Achievements -------------- None Challenges ------------ None Game ------ Seed GlidesysProjectionRefractor Manual? 0 Play Time 00:09:25 Cumulative 40.9 hours Start 2026.02.25 @ 01:22:23 End 2026.02.25 @ 01:30:38 Sessions 1 Manual Loads 0 Difficulty Rogue Special Mode None Game No. 99 Rogue 99 Adventurer 0 Explorer 0 Win Type - Total 0 Types 0/0/0/0/0/0/0/0/0/0 Lore% 29 Gallery% 36 Achievement% 27 Wizard Run 0 Options --------- Layout 2 ASCII 0 Keyboard 1 Movement Arrows Keybinds 0 Fullscreen 1 Font 24/Smallcaps Map View 50x44 Zoom Use 0% Tactical HUD 0 Map Filters NONE Filters NONE Steam 1 RUN: d9739562-d385-4868-b09f-61650d48a324